 Dungeon Crawl Stone Soup version 0.17-a0-1446-gc28613e (webtiles) character file.

102901 pulse the Executioner (level 16, -10/143 HPs)
             Began as a Hill Orc Skald on June 28, 2015.
             Was the Champion of Qazlal.
             Mangled by a war axe of electrocution (17 damage)
             ... on level 1 of the Elven Halls.
             The game lasted 03:03:35 (34644 turns).

pulse the Executioner (Hill Orc Skald)             Turns: 34644, Time: 03:03:35

Health: -10/143    AC: 26    Str: 23    XL:     16   Next: 34%
Magic:  0/22       EV: 10    Int: 15    God:    Qazlal [******]
Gold:   622        SH: 21    Dex: 11    Spells: 4 memorised, 7 levels left

rFire  + . .     SeeInvis +     f - +4 war axe
rCold  + . .     Clarity  .     e - +4 ring mail {rF+}
rNeg   + . .     SustAt   .     y - +1 shield {reflect}
rPois  .         Gourm    .     u - +2 helmet {rC+}
rElec  .         Spirit   +     m - +2 cloak
rCorr  .         Warding  .     b - +1 pair of gloves
rMut   .         Stasis   .     x - +2 pair of boots {run}
MR     ++++.                    F - amulet of guardian spirit
Stlth  ..........               Z - ring of Shadows {Umbra +Inv rN+ SInv}
                                C - ring of the Mage {Wiz MR++ Int+3}

@: protected from physical damage, wreathed by umbra, repel missiles, quick,
incredibly resistant to hostile enchantments, extremely unstealthy
A: magic resistance 1, strong 1
a: Upheaval, Elemental Force, Disaster Area, Renounce Religion, Evoke
Invisibility


You were on level 1 of the Elven Halls.
You worshipped Qazlal.
Qazlal was exalted by your worship.
You were not hungry.

You visited 5 branches of the dungeon, and saw 27 of its levels.
You also visited: Labyrinth, Ice Cave and Volcano.

You collected 2840 gold pieces.
You spent 2218 gold pieces at shops.

Inventory:

Hand weapons
 f - a +4 war axe (weapon)
 D - a +2 war axe of flaming
 P - a +2 eveningstar of freezing
Armour
 b - a +1 pair of gloves (worn)
 e - a +4 ring mail of fire resistance (worn)
 m - a +2 cloak (worn)
 u - a +2 helmet of cold resistance (worn)
 x - a +2 pair of boots of running (worn)
 y - a +1 shield of reflection (worn)
 E - a +4 scale mail of cold resistance
Rods
 n - a +2 rod of clouds (14/14)
   (You found it in a labyrinth)
Jewellery
 o - a +3 ring of dexterity
 r - an uncursed ring of ice
 C - the ring of the Mage (left hand) {Wiz MR++ Int+3}
   (You bought it in a shop on level 5 of the Dungeon)

   [ring of wizardry]

   It improves your spell success rate.
   It affects your intelligence (+3).
   It affects your resistance to hostile enchantments.
 F - an amulet of guardian spirit (around neck)
 L - the amulet of Xeirph {Clar +Inv rPois rC- Stlth+}
   (You bought it in a shop on level 5 of the Dungeon)

   [amulet of clarity]

   It provides mental clarity.
   It makes you vulnerable to cold.
   It protects you from poison.
   It lets you turn invisible.
   It makes you more stealthy.
 Z - the ring of Shadows (right hand) {Umbra +Inv rN+ SInv}
   (You found it in a labyrinth)

   [ring of invisibility]

   It protects you from negative energy.
   It lets you see invisible.
   It lets you turn invisible.
Magical devices
 v - a wand of digging (9)
 J - a wand of hasting (1)
 W - a wand of disintegration (4)
Scrolls
 g - 5 scrolls of recharging
 h - 7 scrolls of identify
 s - 3 scrolls of amnesia
 t - 10 scrolls of remove curse
 w - 4 scrolls of magic mapping
 z - a scroll of teleportation
 B - 2 scrolls of immolation
 H - a scroll of enchant weapon
 M - 2 scrolls of vulnerability
 T - a scroll of enchant armour
Potions
 k - a potion of cure mutation
 l - 6 potions of flight
 I - a potion of magic {unknown}
Books
 a - a Necronomicon

   Spells                             Type                      Level
   a - Haunt                          Necromancy/Summoning         7
   b - Borgnjor's Revivification      Necromancy                   8
   c - Death's Door                   Charms/Necromancy            8
   d - Necromutation                  Transmutation/Necromancy     8
 c - a book of Battle

   Spells                             Type                      Level
   a - Infusion                       Charms                       1
   b - Shroud of Golubria             Charms/Translocation         2
   c - Song of Slaying                Charms                       2
   d - Spectral Weapon                Hexes/Charms                 3
   e - Regeneration                   Charms/Necromancy            3
 A - a book of Death

   Spells                             Type                      Level
   a - Corpse Rot                     Necromancy                   2
   b - Sublimation of Blood           Necromancy                   2
   c - Agony                          Necromancy                   5
   d - Dispel Undead                  Necromancy                   5
   e - Excruciating Wounds            Charms/Necromancy            5
   f - Bolt of Draining               Conjuration/Necromancy       5
 X - a book of Unlife

   Spells                             Type                      Level
   a - Recall                         Summoning/Translocation      3
   b - Animate Dead                   Necromancy                   4
   c - Control Undead                 Necromancy                   4
   d - Cigotuvi's Embrace             Necromancy                   5
   e - Death Channel                  Necromancy                   6
   f - Simulacrum                     Ice/Necromancy               6
Miscellaneous
 p - a stone of tremors (inert)
 N - a fan of gales (inert)
Comestibles
 d - 11 bread rations
 i - 4 meat rations
 G - 41 fruits
 Q - 4 beef jerkies


   Skills:
 + Level 13.0 Fighting
 * Level 23.2 Axes
 + Level 8.6 Armour
 - Level 0.7 Dodging
 + Level 9.9 Shields
 - Level 1.5 Spellcasting
 - Level 1.1 Hexes
 + Level 7.3 Charms
 + Level 9.3 Necromancy
 + Level 8.5 Invocations
 + Level 1.1 Evocations


You had 7 spell levels left.
You knew the following spells:

 Your Spells              Type           Power        Failure   Level  Hunger
a - Infusion              Chrm           ###...       1%          1    ##.....
b - Regeneration          Chrm/Necr      ####......   4%          3    ####...
c - Spectral Weapon       Hex/Chrm       ##......     14%         3    ####...
d - Animate Dead          Necr           N/A          7%          4    #####..


Dungeon Overview and Level Annotations

Branches:
Dungeon (15/15)            Temple (1/1) D:4            Lair (5/8) D:9
 Shoals (0/4) Lair:5          Orc (4/4) D:12            Elf (2/3) Orc:4
 Vaults (0/5) D:13
  Snake: Lair:3-6    Spider: Lair:3-6    Depths: D:15

Altars:
Ashenzari
Cheibriados
Dithmenos
Elyvilon
Fedhas
Gozag
Kikubaaqudgha
Makhleb
Nemelex Xobeh
Okawaru
Qazlal
Ru
Sif Muna
Trog
Vehumet
Xom
Yredelemnul
Zin
The Shining One
Beogh

Shops:
D:4 [*   D:5 [=[   D:8 %   D:11 (   Orc:1 *   Orc:2 }[:   Orc:4 [:[*}   Elf:1 =

Annotations:
Elf:2 Agnes


Innate Abilities, Weirdness & Mutations

You are resistant to hostile enchantments.
Your muscles are strong. (Str +2)


Message History

The deep elf conjurer points at you and mumbles some strange words.
Helpless, you fail to dodge the bolt of cold.
You resist.
* * * LOW HITPOINT WARNING * * *
You climb upwards.
There is a stone staircase leading down here.
Unknown command.
Zapping:
W - a wand of disintegration {zapped: 5} (will waste charges)
Press: ? - help, Shift-Dir - straight line The rock wall explodes into countless fragments.
Evoking this partially-identified wand wasted a few charges.
Your skill with magical items lets you calculate the power of this device...
This wand has 4 charges left.
The war axe of electrocution hits you.
* * * LOW HITPOINT WARNING * * *
You feel more protected from physical attacks.
The war axe of electrocution hits you but does no damage.
You are electrocuted!
* * * LOW HITPOINT WARNING * * *
The war axe of electrocution hits you!!
You die...

.(.................#..#...#..#...
...................#..#...#..#...
................§..'..#...#..'...
#######..#######..§#..'..)'..#...
......#..#...§>....#..#...#..####
...::.#..#.....#...#..#...#......
####..#..#..§§.#...#..#...#......
...#§§#..#.....#(.§#..#...#Z.....
...#..#..#.....#@.§#..#...#Z.####
...#..#..#.....#.§§#..#...#.Z#...
####..#..'.....#...#..#...#..#...
......#..#.....#...'.)#.§.#.)#...
......#..#.....'...#..###)#§.####
#######..##'####...#.))))[)..)...
...................#§........)...
...)........)()....#..########...
.((......)..))(....#..####.......


You could see a war axe of electrocution.

Vanquished Creatures
  Asterion (Elf:1)
  A deep elf blademaster (Elf:2)
  Donald (Orc:4)
  A deep elf sorcerer (Elf:1)
  A deep elf demonologist (Elf:1)
  Snorg (Orc:3)
  A deep elf death mage (Elf:1)
  4 vault guards (D:13)
  A minotaur (Lab)
  2 deep elf high priests (Elf:1)
  Josephine (D:11)
  Erolcha (D:8)
  2 hydras
  Fannar (Orc:1)
  2 centaur warriors
  An ice dragon (Orc:1)
  2 catoblepae
  3 dancing weapons (Elf:2)
  An orc high priest (Elf:1)
  9 deep elf knights
  A small abomination (Elf:2)
  Sonja (Orc:3)
  Nergalle (Orc:1)
  2 deep elf summoners (Elf:1)
  2 wizards (D:14)
  An ice statue (IceCv)
  2 unseen horrors
  8 hill giants
  A necromancer (IceCv)
  8 deep elf conjurers
  A wolf spider zombie (D:14)
  4 orc knights
  11 ugly things
  A cyclops (D:11)
  4 manticores
  A griffon (Lair:3)
  3 orc sorcerers
  3 sirens (Lair:5)
  7 black mambas
  Maurice (D:8)
  A centaur zombie (D:11)
  Joseph (Lair:1)
  4 elephants (Lair:2)
  The ghost of Terandir the Magician, an experienced DEIE of Sif Muna (D:6)
  A gargoyle (D:13)
  4 komodo dragons
  4 kobold demonologists
  4 spiny frogs
  7 deep elf priests
  A fire drake (Lair:4)
  10 freezing wraiths (IceCv)
  2 tengu conjurers
  2 merfolk
  4 polar bears (Lair:5)
  A wolf spider simulacrum (IceCv)
  2 trolls
  2 two-headed ogres
  A shadow (D:13)
  11 blink frogs
  3 wraiths (D:11)
  15 deep elf magi
  A fire elemental (Lair:1)
  37 deep elf fighters
  A human (D:13)
  5 hippogriffs
  A hungry ghost (D:9)
  2 vampire mosquitoes
  A wyvern (D:12)
  16 yaks
  6 basilisks
  6 porcupines
  10 wolves
  10 water moccasins
  Duvessa (D:4)
  40 orc warriors
  2 phantoms
  11 ogres
  A swamp drake (D:12)
  A wasp (D:9)
  10 ice beasts
  3 sky beasts
  20 centaurs
  2 necrophages
  6 big kobolds
  5 crocodiles
  13 giant frogs
  A gnoll sergeant (Orc:4)
  A wyvern zombie (D:12)
  5 scorpions
  Dowan (D:4)
  A swamp dragon simulacrum (IceCv)
  A water moccasin skeleton (D:6)
  14 killer bees
  15 wights
  An electric eel (Lair:4)
  6 crimson imps
  A gnoll shaman (D:8)
  3 draconian simulacra (IceCv)
  4 giant frog zombies
  4 jellies
  26 orc priests
  4 hounds
  2 centaur skeletons
  2 giant frog skeletons
  10 iguanas
  20 orc wizards
  8 troll simulacra (IceCv)
  2 wolf simulacra (IceCv)
  7 hell rats (Lair:2)
  22 sheep
  4 centaur simulacra (IceCv)
  A spriggan simulacrum (IceCv)
  13 worker ants
  2 hound zombies (D:11)
  3 hound skeletons
  A worker ant zombie (D:5)
  7 gnolls
  A naga simulacrum (IceCv)
  3 ogre simulacra (IceCv)
  62 river rats
  4 shadow imps
  12 adders
  12 white imps (IceCv)
  An adder zombie (D:5)
  2 oozes
  2 adder skeletons
  10 worms
  155 orcs
  2 ball pythons
  21 bats
  2 bat skeletons
  A giant cockroach (D:4)
  21 goblins
  23 hobgoblins
  7 quokkas
  4 giant geckos
  2 giant gecko skeletons
  3 giant newts
  12 jackals
  A jackal skeleton (D:5)
  33 kobolds
  12 rats
  A butterfly (Lair:4)
  2 crawling corpses (Elf:1)
  22 fungi
  15 plants
  A spectral weapon (Elf:1)
1033 creatures vanquished.

Vanquished Creatures (collateral kills)
  An elephant (Lair:2)
  A deep elf priest (Elf:2)
  A hippogriff (D:14)
  An orc warrior (Volcano)
  A centaur (D:14)
5 creatures vanquished.

Vanquished Creatures (others)
  A centaur warrior (D:15)
  A spiny frog (Lair:2)
  A yaktaur (D:13)
  A deep elf fighter (Elf:2)
  3 orc warriors (Orc:4)
  5 centaurs
  A worker ant (D:6)
  3 orcs
  A kobold (D:14)
  3 fungi
  2 plants (Lair:2)
22 creatures vanquished.

Grand Total: 1060 creatures vanquished

Notes
Turn   | Place    | Note
--------------------------------------------------------------
     0 | D:1      | pulse the Hill Orc Skald began the quest for the Orb.
     0 | D:1      | Reached XP level 1. HP: 18/18 MP: 3/3
    66 | D:1      | Reached skill level 3 in Axes
   204 | D:1      | Reached XP level 2. HP: 19/25 MP: 4/4
   422 | D:1      | Reached skill level 4 in Axes
   602 | D:1      | Reached XP level 3. HP: 27/30 MP: 5/5
  1226 | D:2      | Reached skill level 5 in Axes
  1631 | D:2      | Reached XP level 4. HP: 32/37 MP: 1/6
  1957 | D:2      | Found a faded altar to an unknown god.
  2032 | D:2      | Reached skill level 6 in Axes
  2322 | D:2      | Became a worshipper of Sif Muna the Loreminder
  2322 | D:2      | Acquired Sif Muna's first power
  2887 | D:3      | Reached XP level 5. HP: 42/42 MP: 7/7
  3091 | D:3      | Found a deep blue altar of Sif Muna.
  3365 | D:4      | Noticed an ogre
  3409 | D:3      | Killed an ogre
  3409 | D:3      | Reached skill level 7 in Axes
  3409 | D:3      | Reached XP level 6. HP: 25/50 MP: 0/8
  3697 | D:4      | Found Buafirigha's Antique Armour Boutique.
  3705 | D:4      | Bought a glowing ring mail for 96 gold pieces
  3705 | D:4      | Bought a pair of runed boots for 108 gold pieces
  3715 | D:4      | Identified a +1 pair of boots of running (You bought it in a shop on level 4 of the Dungeon)
  3743 | D:4      | Reached skill level 1 in Invocations
  3808 | D:4      | Reached skill level 8 in Axes
  4029 | D:4      | Found Gozag's Platinum Reserve.
  4037 | D:4      | Found an opulent altar of Gozag.
  4443 | D:4      | Noticed an ogre
  4448 | D:4      | Killed an ogre
  4448 | D:4      | Reached XP level 7. HP: 31/56 MP: 9/9
  4594 | D:4      | Reached skill level 9 in Axes
  4678 | D:4      | Gained mutation: You occasionally shout uncontrollably at your foes. [potion of mutation]
  4678 | D:4      | Gained mutation: You have an increased reservoir of magic (+10% MP). [potion of mutation]
  4678 | D:4      | Gained mutation: You possess an exceptional clarity of mind. [potion of mutation]
  4793 | D:4      | Found a staircase to the Ecumenical Temple.
  4902 | D:4      | Noticed Duvessa
  4902 | D:4      | Noticed Dowan
  4927 | D:4      | Killed Dowan
  4956 | D:4      | Killed Duvessa
  5384 | D:5      | Entered Level 5 of the Dungeon
  5458 | D:5      | Found Zestre Zeir's Armour Emporium.
  5460 | D:5      | Reached skill level 10 in Axes
  5550 | D:5      | Found a sparkling altar of Nemelex Xobeh.
  5608 | D:5      | Reached XP level 8. HP: 62/62 MP: 11/11
  5749 | Temple   | Entered the Ecumenical Temple
  6077 | D:5      | Found a shimmering altar of Xom.
  6081 | D:5      | Found a white marble altar of Elyvilon.
  6081 | D:5      | Found a stormy altar of Qazlal.
  6098 | D:5      | Fell from the grace of Sif Muna
  6098 | D:5      | Became a worshipper of Qazlal Stormbringer
  6102 | D:5      | Found an opulent altar of Gozag.
  6110 | D:5      | Found an iron altar of Okawaru.
  6170 | D:5      | Found Yneytr Qapn's Jewellery Boutique.
  6809 | D:5      | Found Eggomm Kuta's Antique Armour Shoppe.
  7186 | D:6      | Found a burning altar of Makhleb.
  7199 | D:6      | Reached skill level 11 in Axes
  7327 | D:6      | Noticed Terandir's ghost (experienced DEIE)
  7333 | D:6      | Killed Terandir's ghost
  7333 | D:6      | Reached skill level 12 in Axes
  7333 | D:6      | Reached skill level 5 in Invocations
  7333 | D:6      | Reached XP level 9. HP: 32/70 MP: 14/14
  7970 | D:6      | Acquired Qazlal's first power
  8360 | D:7      | Learned a level 3 spell: Regeneration
  9188 | D:8      | Reached skill level 1 in Necromancy
  9434 | D:8      | Found Zualaw's Food Shoppe.
  9454 | D:8      | Noticed Erolcha
  9457 | D:8      | Acquired Qazlal's second power
  9469 | D:8      | Killed Erolcha
  9469 | D:8      | Reached skill level 5 in Fighting
  9469 | D:8      | Reached skill level 13 in Axes
  9469 | D:8      | Reached XP level 10. HP: 47/80 MP: 10/16
 10142 | D:8      | Noticed Maurice
 10390 | D:8      | Found a snail-covered altar of Cheibriados.
 10763 | D:8      | Killed Maurice
 10763 | D:8      | Reached skill level 14 in Axes
 11071 | D:9      | Reached skill level 5 in Armour
 11312 | D:9      | Paralysed by a wasp for 3 turns
 11612 | D:9      | Found a staircase to the Lair.
 11750 | D:10     | Entered Level 10 of the Dungeon
 12238 | D:10     | Acquired Qazlal's third power
 12394 | D:10     | Noticed a green ugly thing
 12403 | D:10     | Killed a cyan ugly thing
 12598 | D:10     | Reached skill level 15 in Axes
 12598 | D:10     | Reached XP level 11. HP: 86/90 MP: 18/18
 12860 | D:11     | Gained mutation: Scrolls take you a little longer to read. [potion of mutation]
 12860 | D:11     | Gained mutation: Armour fits poorly on your strangely shaped body. [potion of mutation]
 12860 | D:11     | Gained mutation: You evolve. [potion of mutation]
 12861 | D:11     | Lost mutation: Scrolls take you a little longer to read. [potion of cure mutation]
 12861 | D:11     | Lost mutation: You possess an exceptional clarity of mind. [potion of cure mutation]
 12861 | D:11     | Lost mutation: You have an increased reservoir of magic (+10% MP). [potion of cure mutation]
 12861 | D:11     | Lost mutation: You occasionally shout uncontrollably at your foes. [potion of cure mutation]
 12861 | D:11     | Lost mutation: Armour fits poorly on your strangely shaped body. [potion of cure mutation]
 12861 | D:11     | Lost mutation: You evolve. [potion of cure mutation]
 12862 | D:11     | Gained mutation: You have large cloven feet. [potion of mutation]
 12862 | D:11     | Gained mutation: You are frail (-10% HP). [potion of mutation]
 12862 | D:11     | Gained mutation: You have a pair of small horns on your head. [potion of mutation]
 12943 | D:11     | Reached skill level 5 in Charms
 13058 | D:11     | Found Noisazo's Antique Weapon Emporium.
 13291 | D:11     | Noticed Josephine
 13300 | D:11     | Killed Josephine
 13350 | D:11     | Was forgiven by Sif Muna
 13352 | D:11     | Acquired Qazlal's fourth power
 13580 | D:11     | Reached skill level 16 in Axes
 13781 | D:11     | Noticed a hill giant
 13794 | D:11     | Killed a hill giant
 14447 | D:5      | Bought the amulet of Xeirph {Clar +Inv rPois rC- Stlth+} for 442 gold pieces
 14778 | Lair:1   | Entered Level 1 of the Lair of Beasts
 14843 | Lair:1   | Noticed Joseph
 14856 | Lair:1   | Killed Joseph
 14856 | Lair:1   | Reached skill level 5 in Necromancy
 15785 | Lair:2   | Found a dark tunnel.
 15797 | Lair:2   | Reached skill level 17 in Axes
 15797 | Lair:2   | Reached XP level 12. HP: 83/91 MP: 18/18
 15814 | Volcano  | Entered a volcano
 15828 | Volcano  | Acquired Qazlal's fifth power
 15834 | Volcano  | Noticed Urug
 19056 | Lair:3   | Reached skill level 1 in Evocations
 19121 | Lair:3   | Reached skill level 1 in Shields
 19154 | Lair:2   | Reached skill level 18 in Axes
 20539 | D:12     | Found a staircase to the Orcish Mines.
 20542 | D:12     | Reached XP level 13. HP: 99/99 MP: 19/19
 20880 | Orc:1    | Entered Level 1 of the Orcish Mines
 20914 | Orc:1    | Found a frozen archway.
 20940 | IceCv    | Entered an ice cave
 20972 | IceCv    | HP: 3/100 [freezing wraith (15)]
 21664 | IceCv    | Reached skill level 10 in Fighting
 22425 | IceCv    | Lost mutation: You have a pair of small horns on your head. [potion of cure mutation]
 22425 | IceCv    | Lost mutation: You have large cloven feet. [potion of cure mutation]
 22425 | IceCv    | Lost mutation: You are frail (-10% HP). [potion of cure mutation]
 22501 | IceCv    | Found an ancient bone altar of Kikubaaqudgha.
 22639 | Orc:1    | Reached skill level 19 in Axes
 22969 | Orc:1    | Noticed Fannar
 22990 | Orc:1    | Killed Fannar
 23019 | Orc:1    | Found Irphalesaf's General Store.
 23029 | Orc:1    | Bought a potion of agility for 52 gold pieces
 23029 | Orc:1    | Bought a scroll of magic mapping for 45 gold pieces
 23029 | Orc:1    | Bought a potion of heal wounds for 65 gold pieces
 23029 | Orc:1    | Bought a potion of curing for 39 gold pieces
 23306 | Orc:1    | Found a roughly hewn altar of Beogh.
 23558 | Orc:2    | Noticed Nergalle
 23619 | Orc:1    | Killed Nergalle
 23674 | Orc:2    | Found Sevvaof's Book Shoppe.
 23753 | Orc:2    | Found Xiofiase's Gadget Shop.
 23755 | Orc:2    | Found Quet's Armour Shoppe.
 24088 | Orc:3    | Noticed Sonja
 24113 | Orc:3    | Killed Sonja
 24595 | Orc:4    | Entered Level 4 of the Orcish Mines
 24595 | Orc:4    | Found a staircase to the Elven Halls.
 24615 | Orc:4    | Noticed Snorg
 24652 | Orc:3    | Killed Snorg
 25352 | Orc:4    | Noticed Donald
 25360 | Orc:4    | Killed Donald
 25360 | Orc:4    | Reached skill level 20 in Axes
 25651 | Orc:4    | Reached XP level 14. HP: 99/122 MP: 16/20
 25886 | Orc:4    | Found Efig Maps's Antique Armour Shop.
 25898 | Orc:4    | Bought a pair of gloves for 121 gold pieces
 25998 | Orc:4    | Reached skill level 5 in Shields
 26022 | Orc:4    | Found Ficleoron's Armour Boutique.
 26022 | Orc:4    | Found Ciuliq's General Store.
 26024 | Orc:4    | Found Vonocs's Gadget Shoppe.
 26085 | Orc:4    | Found Wugihopp's Book Shop.
 26106 | Orc:4    | Bought a potion of beneficial mutation for 455 gold pieces
 26106 | Orc:4    | Bought a scroll of summoning for 123 gold pieces
 26106 | Orc:4    | Gained mutation: Your muscles are strong. (Str +2) [potion of beneficial mutation]
 27000 | D:13     | Found a gate to the Vaults.
 27041 | D:13     | Reached skill level 21 in Axes
 27783 | D:14     | Found a shimmering altar of Xom.
 27968 | D:14     | Found a glowing golden altar of the Shining One.
 28257 | D:15     | Entered Level 15 of the Dungeon
 28574 | Lair:2   | Reached XP level 15. HP: 132/132 MP: 21/21
 29243 | Lair:4   | Got a faintly glowing dagger
 29245 | Lair:4   | Identified the +3 dagger "Kevvow" {flame, Dex+5} (You found it on level 4 of the Lair of Beasts)
 30038 | Lair:4   | Reached skill level 22 in Axes
 30080 | Lair:5   | Found a labyrinth entrance.
 30101 | Lab      | Entered a labyrinth
 31216 | Lair:5   | Gained mutation: You are resistant to hostile enchantments. [potion of beneficial mutation]
 31279 | Lair:5   | Found a staircase to the Shoals.
 31629 | D:5      | Bought the ring of the Mage {Wiz MR++ Int+3} for 672 gold pieces
 31937 | Elf:1    | Entered Level 1 of the Elven Halls
 32020 | Elf:1    | Learned a level 3 spell: Spectral Weapon
 32334 | Elf:1    | Noticed Asterion
 32756 | Orc:4    | Identified a +2 rod of clouds (14/14) (You found it in a labyrinth)
 32813 | Elf:1    | Killed Asterion
 32994 | Elf:1    | Noticed a deep elf sorcerer
 33004 | Elf:1    | Killed a deep elf sorcerer
 33163 | Elf:1    | Reached skill level 1 in Hexes
 33349 | Elf:1    | Reached XP level 16. HP: 99/141 MP: 14/22
 33580 | Elf:1    | Found Isidoaw's Jewellery Shoppe.
 33762 | Elf:1    | Learned a level 4 spell: Animate Dead
 34221 | Elf:2    | Reached skill level 23 in Axes
 34287 | Elf:2    | Found a runed gate.
 34293 | Elf:2    | Found a runed gate.
 34293 | Elf:2    | Found a runed gate.
 34356 | Elf:2    | Noticed a deep elf blademaster
 34431 | Elf:2    | Killed a deep elf blademaster
 34622 | Elf:2    | Noticed Agnes
 34639 | Elf:1    | HP: 5/143 [war axe of electrocution (16)]
 34644 | Elf:1    | Mangled by a war axe of electrocution

Vault maps used:
D:1:      dpeg_arrival_simpleton_c, minmay_misc_feat_doors, minmay_misc_feat_x
D:2:      ecumenical_altar_1
D:3:      kennysheep_crisscross, led_sif_pool
D:4:      minmay_temple_entry_grid, serial_shops, shop,
          nicolae_gozag_zags_fifth_avenue, uniq_duvessa
D:5:      minmay_overflow_temple_star_hex, serial_shops, kennysheep_mini, shop,
          shop, first_bread, nemelex_spade_bored_becter
D:6:      makhleb_blood_cavern_becter, minivault_26, lemuel_flamethrower_1
D:8:      cheibrodos_worm_habitat, serial_shops, shop, uniq_maurice,
          uniq_erolcha
D:9:      lair_0_dummy
D:11:     serial_shops, nicolae_shop_behind_doors, serial_column_ruins,
          column_ruins_hut_ruined, column_ruins_corridor_plus,
          column_ruins_corridor_corner, column_ruins_open_small,
          column_ruins_grid_1, column_ruins_grid_1,
          column_ruins_corridor_straight, uniq_josephine
D:12:     erik_orc_1
D:13:     grunt_vaults_entry_fortified
D:14:     basic_altar, nicolae_tso_swordbearing_angel, grunt_tengu_nest,
          minmay_fountain_box, corexii_checkpoint_a
D:15:     grunt_enter_depths_snipers, grunt_decor_clamped, st_stairs_10,
          ashenzari_altar_1
Temple:   chambers_temple_12
Lair:1:   serial_bayou_pond_d, uniq_joseph
Lair:2:   nicolae_volcano_entry_lava_flow
Lair:4:   serial_forest, infiniplex_forest_straight_3, infiniplex_forest_end_2,
          infiniplex_forest_lined_3_way, infiniplex_forest_lined_corner,
          lemuel_fruit_tree, lemuel_fruit_fields, serial_bayou_shore_a
Lair:5:   elwin_shoals_entry_stream, lab_entry_generic, beast_lair_carwin_10,
          serial_bayou_shore_b
Orc:1:    nicolae_orc_accident_2, portal_ice_cave_entry_animals_and_master,
          serial_shops, shop, uniq_fannar
Orc:2:    serial_shops, shop, shop_fountains, nicolae_shop_trees,
          nicolae_orc_sculptors_studio, uniq_nergalle
Orc:3:    nicolae_orc_pool_cavern, uniq_sonja
Orc:4:    st_orc_rangers, serial_shops, shop, uniq_donald, uniq_snorg
Elf:1:    eino_elf_arrival_shootout, serial_shops, nicolae_shop_statue_plus,
          orc_legates, elves_outpost_lemuel, uniq_asterion, uniq_agnes
Lab:      labyrinth_spiral, nicolae_lab_big_swirl, nicolae_lab_grate,
          nicolae_lab_checkerboard, labyrinth_glass_1, nicolae_lab_arrow
IceCv:    ice_cave_small_necro
Volcano:  volcano_caves

Action                   |  1- 3 |  4- 6 |  7- 9 | 10-12 | 13-15 | 16-18 || total
-------------------------+-------+-------+-------+-------+-------+-------++-------
Melee: Hand axe          |   153 |   238 |       |       |       |       ||   391
       War axe           |       |    12 |   267 |   849 |  1439 |   214 ||  2781
 Cast: Infusion          |     3 |     7 |    13 |    21 |     7 |       ||    51
       Regeneration      |       |       |       |    13 |    48 |     2 ||    63
       Spectral Weapon   |       |       |       |       |     2 |       ||     2
       Animate Dead      |       |       |       |       |       |     6 ||     6
Invok: Upheaval          |       |       |       |     1 |     5 |     2 ||     8
       Disaster Area     |       |       |       |     1 |     1 |       ||     2
Evoke: Wand              |       |       |       |     6 |     5 |     3 ||    14
       Deck              |       |       |       |     2 |       |       ||     2
       Fan of gales      |       |       |       |       |     1 |     1 ||     2
       Stone of tremors  |       |       |       |       |       |     1 ||     1
  Use: Scroll            |       |     4 |    17 |    10 |    13 |     1 ||    45
       Potion            |       |     2 |     3 |    17 |    18 |     3 ||    43
 Stab: Confused          |       |       |       |     2 |       |       ||     2
       Distracted        |       |       |       |       |     1 |       ||     1
       Petrifying        |       |       |       |       |     1 |       ||     1
       Petrified         |       |       |       |       |     1 |       ||     1
  Eat: Chunk             |     2 |    10 |     2 |     6 |     6 |       ||    26
       Bread ration      |       |       |     2 |     3 |     3 |     2 ||    10
       Pizza             |       |       |     2 |     3 |     2 |       ||     7
       Beef jerky        |       |       |     1 |     1 |     2 |     1 ||     5
       Meat ration       |       |       |       |     2 |     3 |       ||     5
       Fruit             |       |       |       |     2 |    11 |       ||    13
